 Dungeon Crawl Stone Soup version 0.25-a0-558-g78a2afb0af (webtiles) character file.

Game seed: 16192483022462968188, levelgen mode: deterministic

79227 night the Brawler (level 15, -3/85 HPs)
             Began as a Vine Stalker Fighter on Feb 22, 2020.
             Was the Champion of Wu Jian.
             Succumbed to Agnes's poison
             ... on level 15 of the Dungeon on Feb 24, 2020.
             The game lasted 01:04:59 (19794 turns).

night the Brawler (Vine Stalker Fighter)           Turns: 19794, Time: 01:05:00

Health: -3/85      AC: 21    Str: 31    XL:     15   Next: 62%
Magic:  4/23       EV:  8    Int:  9    God:    Wu Jian [******]
Gold:   1573       SH: 12    Dex: 13    Spells: 20/23 levels left

rFire    + . .     SeeInvis .     - Unarmed
rCold    . . .     Gourm    .   p - +0 kite shield
rNeg     . . .     Faith    .   j - +3 plate armour {rF+}
rPois    .         Spirit   +   y - +1 helmet
rElec    .         Reflect  .   K - +1 cloak
rCorr    .         Harm     .   l - +2 pair of gloves
MR       +....                  (no boots)
Stlth    ..........             C - amulet of regeneration
HPRegen  1.44/turn              t - +6 ring of strength
MPRegen  0.18/turn              x - +2 ring of evasion

@: lethally poisoned (-3 -> -36), exhausted
A: fangs 3, regeneration 2, magic shield, antimagic bite, no potion heal 3, rot
immunity
a: Wall Jump, Serpent's Lash, Heavenly Storm, Renounce Religion


You were on level 15 of the Dungeon.
You worshipped Wu Jian.
Wu Jian was exalted by your worship.
You were hungry.

You visited 3 branches of the dungeon, and saw 22 of its levels.
You also visited: Ice Cave and Volcano.

You collected 2024 gold pieces.
You spent 451 gold pieces at shops.

Inventory:

Hand Weapons
 b - a +6 hunting sling of freezing
Missiles
 m - 683 stones
 r - 135 sling bullets
 z - 6 throwing nets
 Q - 14 poisoned darts (quivered)
 R - 2 boomerangs of dispersal
Armour
 j - a +3 plate armour of fire resistance (worn)
 l - a +2 pair of gloves (worn)
 p - a +0 kite shield (worn)
 y - a +1 helmet (worn)
 K - a +1 cloak (worn)
Jewellery
 o - the ring "Acer" {Ice +Inv rElec MP+9 Str-4}
   (You found it in an ice cave)

   [ring of ice]

   It enhances your ice magic.
   It affects your strength (-4).
   It makes you vulnerable to fire.
   It protects you from cold.
   It insulates you from electricity.
   It affects your magic capacity (+9).
   It lets you turn invisible.
 t - a +6 ring of strength (left hand)
 x - a +2 ring of evasion (right hand)
 C - an amulet of regeneration (around neck)
 D - an uncursed ring of poison resistance
 G - a +3 amulet of reflection
 M - an uncursed ring of protection from fire
Wands
 h - a wand of random effects (8)
 q - a wand of acid (25)
 s - a wand of polymorph (15)
 w - a wand of disintegration (20)
 N - a wand of enslavement (12)
 P - a wand of paralysis (9)
Scrolls
 e - 10 scrolls of teleportation
 g - 2 scrolls of fear
 i - 18 scrolls of identify
 k - 2 scrolls of remove curse
 v - 5 scrolls of enchant weapon
 A - 2 scrolls of blinking
 B - 3 scrolls of amnesia
 F - 4 scrolls of fog
 O - a scroll of enchant armour
Potions
 c - 2 potions of might
 f - 6 potions of stabbing
 n - 12 potions of curing
 u - 3 potions of invisibility
 E - 4 potions of lignification
 I - 3 potions of berserk rage
 J - 2 potions of heal wounds
 L - 3 potions of haste
Miscellaneous
 a - a lightning rod (4/4)
Comestibles
 d - 24 rations


   Skills:
 + Level 12.5 Fighting
 - Level 7.1 Slings
 - Level 2.4 Armour
 - Level 4.5 Stealth
 + Level 7.7 Shields
 * Level 18.2 Unarmed Combat
 - Level 4.8 Spellcasting
 - Level 3.4 Hexes
 - Level 5.0 Evocations


You had 20 spell levels left.
You knew the following spells:

 Your Spells              Type           Power        Failure   Level  Hunger
a - Confusing Touch       Hex            #.......     99%         3    ###....

Your spell library contained the following spells:

 Spells                   Type           Power        Failure   Level  Hunger
 Corona                   Hex            #......      83%         1    #......
 Ensorcelled Hibernation  Hex/Ice        #.....       99%         2    ##.....
 Tukima's Dance           Hex            #.......     99%         3    ###....
 Sting                    Tmut/Pois      #...         100%        1    #......
 Poisonous Vapours        Pois/Air       #.....       100%        2    ##.....
 Dazzling Flash           Conj/Hex       #.....       100%        3    ###....
 Ignite Poison            Fire/Tmut/Pois #.......     100%        3    ###....
 Mephitic Cloud           Conj/Pois/Air  #.......     100%        3    ###....
 Olgreb's Toxic Radiance  Pois           #.......     100%        4    #####..
 Fireball                 Conj/Fire      #.........   100%        5    ######.
 Starburst                Conj/Fire      #.........   100%        6    #######
 Ring of Flames           Chrm/Fire      #.........   100%        7    #######
 Ignition                 Fire           #.........   100%        8    #######


Dungeon Overview and Level Annotations

Branches:
Dungeon (15/15)            Temple (1/1) D:4            Lair (6/6) D:8
  Swamp (0/4) Lair:2       Spider (0/4) Lair:3        Slime (0/5) Lair:6
    Orc (0/2) D:10         Vaults (0/5) D:13          IceCv (visited)
Volcano (visited)
 Depths: D:15

Altars:
Ashenzari
Cheibriados
Dithmenos
Elyvilon
Fedhas
Gozag
Hepliaklqana
Kikubaaqudgha
Makhleb
Nemelex Xobeh
Okawaru
Qazlal
Ru
Sif Muna
Trog
Uskayaw
Vehumet
Wu Jian
Xom
Yredelemnul
Zin
The Shining One
Jiyva

Shops:
D:7 !=   D:9 (

Portals:
Trove: D:11 (give horn of Geryon)

Annotations:
D:15 Agnes
Lair:4 3 runed translucent doors, derval's ghost, journeyman DEIE
Lair:6 1 runed translucent door, sixsigma's ghost, journeyman MiFi


Innate Abilities, Weirdness & Mutations

You have razor-sharp teeth.
You heal very quickly.
When hurt, damage is shared between your health and your magic reserves.
Your bite disrupts and absorbs the magic of your enemies.
Potions cannot restore your health.
You are immune to rotting.


Message History

* * * LOW HITPOINT WARNING * * *
You feel very sick.
The vampire mosquito completely misses you.
Something hits you!
* * * LOW HITPOINT WARNING * * *
You block the vampire mosquito's attack.
You completely miss something. Your bite misses something.
* * * LOW HITPOINT WARNING * * *
You feel very sick. Something hits you but does no damage.
You are more poisoned.
The vampire mosquito bites you!
* * * LOW HITPOINT WARNING * * *
The vampire mosquito draws strength from your injuries!
Your muscles tense, ready for explosive movement...
Your supernatural speed expires.
* * * LOW HITPOINT WARNING * * *
You feel very sick.
There is a stone staircase leading up here.
You die...

# #.
.####+##.
........#####
#.........#
#.........#
#....@....#
##.........#
#.[.○#####.#
#..†y# #
#.."†# #....#
#....# #.....
#....#


You could see a vampire mosquito.

Vanquished Creatures
  Kirke (D:14)
  A frost giant (IceCv)
  A stone giant (Volcano)
  Harold (D:9)
  A rakshasa (Volcano)
  Fannar (D:11)
  A vault guard (D:13)
  An ice dragon (D:13)
  5 hydras
  Erica (D:8)
  A merfolk avatar (Lair:6)
  6 two-headed ogres
  3 death yaks
  Urug (Lair:1)
  A fire crab (shapeshifter) (D:14)
  3 unseen horrors
  A sea snake (Lair:6)
  A lindwurm (Lair:3)
  Pikel (D:5)
  A deep elf mage (D:14)
  5 oklob plants
  2 ugly things
  8 slime creatures
  7 elephants
  3 manticores (Lair:6)
  5 black mambas
  A cyclops (D:12)
  A molten gargoyle (Volcano)
  12 spiny frogs
  7 komodo dragons
  6 rime drakes
  A guardian mummy (D:11)
  2 trolls
  25 polar bears
  A jumping spider (Lair:3)
  7 hornets
  5 hippogriffs
  12 blink frogs
  2 dream sheep (Lair:3)
  Grinder (D:4)
  A redback (Lair:3)
  12 spriggans (Lair:5)
  4 wraiths
  6 fire bats (Volcano)
  5 wyverns
  11 humans (D:13)
  47 yaks
  Grum (D:9)
  4 fire elementals (Volcano)
  2 basilisks
  A steam dragon (D:10)
  A hog (D:14)
  4 hungry ghosts
  3 vampire mosquitoes (D:15)
  Menkaure (D:6)
  An acid dragon (D:11)
  12 water moccasins
  4 orc warriors
  7 porcupines
  6 ice beasts
  5 sky beasts
  A slave (D:5)
  A black bear (D:13)
  A hornet zombie (D:11)
  2 phantoms
  A necrophage (D:14)
  21 wolves
  An eye of draining (D:10)
  4 ogres
  3 boggarts (Lair:5)
  22 centaurs
  8 crocodiles
  A gnoll sergeant (D:6)
  6 big kobolds
  12 bullfrogs
  An earth elemental (Volcano)
  A wyvern zombie (D:13)
  A troll zombie (D:14)
  5 scorpions
  13 killer bees
  4 wights
  5 howler monkeys
  6 crimson imps
  7 lava snakes (Volcano)
  3 centaur zombies
  A quasit (D:5)
  3 human zombies (D:14)
  2 bullfrog zombies
  10 hounds
  7 jellies
  3 centaur skeletons
  An orc priest (D:6)
  3 bullfrog skeletons
  3 iguanas
  11 orc wizards
  7 worker ants
  2 hound zombies
  2 mummies (D:14)
  A worker ant zombie (D:8)
  8 gnolls (D:6)
  A howler monkey skeleton (D:6)
  12 adders
  2 shadow imps
  9 oozes
  3 adder skeletons
  2 worms
  2 dart slugs
  8 leopard geckos
  44 orcs
  A ball python (D:4)
  7 bats
  6 giant cockroaches
  10 goblins
  8 hobgoblins
  4 jackals (D:2)
  5 quokkas
  5 frilled lizards
  A jackal skeleton (D:8)
  43 kobolds
  2 orc zombies (D:14)
  4 rats
  A plant (Lair:1)
658 creatures vanquished.

Vanquished Creatures (collateral kills)
  A death yak (IceCv)
1 creature vanquished.

Vanquished Creatures (others)
  2 polar bears
  A yak (IceCv)
  A slave (D:5)
  A howler monkey (D:5)
  3 orcs (D:5)
  A quokka zombie (D:5)
  4 fungi
  3 plants
16 creatures vanquished.

Grand Total: 675 creatures vanquished

Notes
Turn   | Place    | Note
-------+----------+-------------------------------------------
     0 | D:1      | night the Vine Stalker Fighter began the quest for the Orb.
     0 | D:1      | Reached XP level 1. HP: 11/11 MP: 2/2
    97 | D:1      | Reached XP level 2. HP: 16/16 MP: 3/3
   442 | D:1      | Reached XP level 3. HP: 19/20 MP: 4/4
   458 | D:1      | Reached skill level 3 in Unarmed Combat
  1003 | D:2      | Gained mutation: Your natural rate of healing is unusually
                  | fast. [Vine Stalker growth]
  1003 | D:2      | Reached XP level 4. HP: 16/24 MP: 5/5
  1271 | D:2      | Reached skill level 1 in Stealth
  1380 | D:2      | Reached skill level 4 in Unarmed Combat
  1704 | D:3      | Reached XP level 5. HP: 24/28 MP: 4/6
  2218 | D:4      | Reached skill level 5 in Unarmed Combat
  2407 | D:4      | Found a staircase to the Ecumenical Temple.
  2431 | D:4      | Noticed Grinder
  2457 | D:4      | Killed Grinder
  2457 | D:4      | Reached skill level 6 in Unarmed Combat
  2457 | D:4      | Reached skill level 1 in Spellcasting
  2457 | D:4      | Reached XP level 6. HP: 29/33 MP: 6/9
  2599 | D:4      | Reached XP level 7. HP: 37/37 MP: 10/10
  2677 | D:4      | Reached skill level 2 in Spellcasting
  3041 | D:4      | Found a sparkling altar of Nemelex Xobeh.
  3121 | D:5      | Entered Level 5 of the Dungeon
  3177 | D:5      | Reached skill level 7 in Unarmed Combat
  3191 | D:5      | Gained mutation: You have razor-sharp teeth. [Vine Stalker
                  | growth]
  3191 | D:5      | Reached XP level 8. HP: 18/42 MP: 5/13
  3273 | D:5      | Noticed Pikel
  3301 | D:5      | Killed Pikel
  3301 | D:5      | Reached skill level 5 in Fighting
  3301 | D:5      | Reached skill level 8 in Unarmed Combat
  3983 | D:6      | Noticed Menkaure
  3992 | D:6      | Killed Menkaure
  4001 | D:6      | Reached XP level 9. HP: 16/47 MP: 3/16
  4183 | D:6      | Reached skill level 9 in Unarmed Combat
  4278 | D:6      | Found a burning altar of Makhleb.
  4278 | D:6      | Noticed a balrug
  4676 | D:6      | Reached skill level 1 in Evocations
  5159 | D:7      | Reached skill level 2 in Evocations
  5324 | D:7      | Reached skill level 2 in Stealth
  5324 | D:7      | Reached skill level 10 in Unarmed Combat
  5364 | D:7      | Found Xaoriuc's Distillery.
  5375 | D:7      | Found Befi's Jewellery Shop.
  5477 | Temple   | Entered the Ecumenical Temple
  5578 | Temple   | Became a worshipper of the Wu Jian Council
  6059 | D:8      | Reached XP level 10. HP: 45/53 MP: 14/18
  6128 | D:8      | Found a staircase to the Lair.
  6364 | D:8      | Noticed Erica
  6375 | D:8      | Killed Erica
  6420 | D:8      | Reached * piety under Wu Jian
  6509 | D:8      | Reached skill level 11 in Unarmed Combat
  6553 | D:8      | Noticed a two-headed ogre
  6563 | D:8      | Killed a two-headed ogre
  6984 | D:9      | Noticed a two-headed ogre
  6992 | D:9      | Killed a two-headed ogre
  6992 | D:9      | Reached XP level 11. HP: 49/59 MP: 14/19
  7032 | D:9      | Reached skill level 5 in Evocations
  7093 | D:9      | Found Zuarual's Weapon Emporium.
  7100 | D:9      | Bought a +6 hunting sling of freezing for 451 gold pieces
  7149 | D:9      | Found the +4 moon troll leather armour {Spirit, Regen++
                  | MP+5}
  7173 | D:9      | Learned a level 3 spell: Confusing Touch
  7180 | D:9      | Reached skill level 12 in Unarmed Combat
  7234 | D:9      | Noticed a purple ugly thing
  7243 | D:9      | Killed a purple ugly thing
  7255 | D:9      | Noticed Grum
  7266 | D:9      | Reached skill level 1 in Hexes
  7277 | D:9      | Reached skill level 1 in Slings
  7284 | D:9      | Killed Grum
  7303 | D:9      | Noticed Harold
  7316 | D:9      | Killed Harold
  7330 | D:9      | Reached ** piety under Wu Jian
  7678 | D:9      | Reached skill level 2 in Hexes
  7738 | D:10     | Entered Level 10 of the Dungeon
  7742 | D:10     | Got an ancient flail
  7742 | D:10     | Identified the +6 flail of Oenomania {drain, Int+3} (You
                  | found it on level 10 of the Dungeon)
  7842 | D:10     | Found a staircase to the Orcish Mines.
  7873 | D:10     | Noticed a two-headed ogre
  7880 | D:10     | Killed a two-headed ogre
  7880 | D:10     | Reached skill level 2 in Slings
  8034 | D:10     | Killed an unseen horror
  8053 | D:10     | Killed an unseen horror
  8676 | Lair:1   | Entered Level 1 of the Lair of Beasts
  8685 | Lair:1   | Reached skill level 13 in Unarmed Combat
  8699 | Lair:1   | Reached *** piety under Wu Jian
  8703 | Lair:1   | Gained mutation: You heal very quickly. [Vine Stalker
                  | growth]
  8703 | Lair:1   | Reached XP level 12. HP: 51/65 MP: 20/20
  8792 | Lair:1   | HP: 5/65 [polar bear (5)]
  8792 | Lair:1   | HP: 1/65 [polar bear (2)]
  8988 | Lair:1   | Noticed Urug
  9004 | Lair:1   | Killed Urug
  9981 | Lair:2   | Found a staircase to the Swamp.
 10070 | Lair:2   | Reached skill level 5 in Slings
 10070 | Lair:2   | Reached skill level 14 in Unarmed Combat
 10673 | Lair:3   | Noticed a five-headed hydra
 10697 | Lair:3   | Killed a five-headed hydra
 10727 | Lair:3   | Noticed a death yak
 10755 | Lair:3   | Killed a death yak
 10755 | Lair:3   | Reached XP level 13. HP: 66/72 MP: 21/21
 10800 | Lair:3   | Reached **** piety under Wu Jian
 10800 | Lair:3   | Reached skill level 10 in Fighting
 10915 | Lair:3   | Got a warped buckler
 10925 | Lair:3   | Identified the cursed +0 buckler "Semy" {rPois MR+ Int-4}
                  | (You found it on level 3 of the Lair of Beasts)
 11156 | Lair:3   | Reached skill level 15 in Unarmed Combat
 11392 | Lair:3   | Found a hole to the Spider Nest.
 11831 | Lair:4   | Found a runed translucent gate.
 11832 | Lair:4   | Found a runed translucent gate.
 11832 | Lair:4   | Found a runed translucent gate.
 11838 | Lair:4   | Noticed derval's ghost (journeyman DEIE)
 11840 | Lair:4   | Noticed a minotaur
 12909 | Lair:5   | Reached ***** piety under Wu Jian
 13884 | Lair:6   | Entered Level 6 of the Lair of Beasts
 13900 | Lair:6   | Reached skill level 16 in Unarmed Combat
 13902 | Lair:6   | Reached XP level 14. HP: 46/77 MP: 22/22
 13915 | Lair:6   | Found a dark tunnel.
 13924 | Volcano  | Entered a volcano
 14073 | Volcano  | Found a burning altar of Makhleb.
 14088 | Volcano  | Noticed a stone giant
 14112 | Volcano  | Killed a stone giant
 14523 | Lair:6   | Found a viscous altar of Jiyva.
 14524 | Lair:6   | Found a staircase to the Slime Pits.
 14550 | Lair:6   | Reached skill level 5 in Shields
 14692 | Lair:6   | HP: 1/79 [manticore/volley of spikes (13)]
 14700 | Lair:6   | HP: 11/79 [poisoned by a sea snake]
 14910 | Lair:6   | HP: 9/79 [rime drake/flash freeze (10)]
 15460 | Lair:6   | Found a runed translucent door.
 15461 | Lair:6   | Found a shimmering altar of Xom.
 15461 | Lair:6   | Noticed sixsigma's ghost (journeyman MiFi)
 15956 | D:11     | Found a portal to a secret trove of treasure.
 16012 | D:11     | Reached skill level 17 in Unarmed Combat
 16322 | D:11     | Noticed Fannar
 16345 | D:11     | Killed Fannar
 16555 | D:12     | Reached ****** piety under Wu Jian
 16952 | D:12     | Found the +6 Majin-Bo {vamp, Archmagi MP+6 Int+6}
 17492 | D:13     | Upgraded the game from 0.25-a0-547-g27a0b5d1ef to
                  | 0.25-a0-558-g78a2afb0af
 17585 | D:13     | Reached XP level 15. HP: 81/84 MP: 21/23
 17597 | D:13     | Reached skill level 12 in Fighting
 17599 | D:13     | Found a gate to the Vaults.
 17716 | D:13     | Found a frozen archway.
 17763 | IceCv    | Entered an ice cave
 18099 | IceCv    | Noticed a frost giant
 18150 | IceCv    | Killed a frost giant
 18404 | IceCv    | Got a vibrating bronze ring
 18478 | D:13     | Identified the ring "Acer" {Ice +Inv rElec MP+9 Str-4} (You
                  | found it in an ice cave)
 18703 | D:13     | Identified a scroll of acquirement
 18997 | D:13     | Reached skill level 18 in Unarmed Combat
 19351 | D:14     | Noticed Kirke
 19358 | D:14     | Killed Kirke
 19451 | D:14     | Found a basalt altar of Yredelemnul.
 19773 | D:15     | Entered Level 15 of the Dungeon
 19779 | D:15     | Noticed Agnes
 19792 | D:15     | HP: 10/85 [poisoned by Agnes]
 19793 | D:15     | HP: 1/85 [poisoned by Agnes]
 19794 | D:15     | Succumbed to Agnes's poison

Levels and vault maps discovered:
D:1:      beargit_arrival_greenhouse, layout_loops_ring
D:2:      layout_loops_ring
D:3:      layout_basic
D:4:      wander_river, layout_loops_ring, minmay_temple_entry_offerings,
          first_ration, nemelex_lonely_heart_becter, uniq_grinder
D:5:      layout_loops_cross, st_stairs_4, chequers_serial_rivers_micro_b,
          uniq_pikel
D:6:      layout_basic, makhleb_altar_promises_db, uniq_menkaure
D:7:      layout_basic, serial_shops, shop_fountains, shop
D:8:      layout_rooms, lair_entry_dummy, uniq_erica
D:9:      layout_gridville, serial_shops, shop, uniq_grum, uniq_harold
D:10:     layout_irregular_city, orc_0_dummy
D:11:     layout_basic, nicolae_trove_entry_path_of_doom, uniq_fannar
D:12:     layout_basic
D:13:     layout_loops_ring, ximxim_vaults_locker_room,
          portal_ice_cave_entry_animals_and_master,
          hangedman_little_slice_of_home
D:14:     layout_roguey, lemuel_mausoleum_altar_yredelemnul, uniq_kirke
D:15:     gammafunk_enter_depths_forms, layout_small_grid,
          grunt_decor_arrowhead, minmay_misc_feat_tower, lemuel_altar_in_water,
          uniq_agnes
Temple:   compressed_dpeg_circular_temple
Lair:1:   layout_long_grid, cheibrodos_lair_lostbears,
          minmay_lair_oklob_chamber, uniq_urug
Lair:2:   layout_roguey, swamp_mist
Lair:3:   layout_gridlike, spider_nest_entry_funnel_web,
          hangedman_lair_generics_rect
Lair:4:   layout_long_grid, maelrawn_ghost_gauntlet_escape
Lair:5:   kb_forest_paths, layout_cave_pods, dpeg_oklob_1
Lair:6:   gammafunk_lair_ancient_temple, layout_small_grid, slime_altar_1,
          ebering_ghost_xom, nicolae_volcano_entry_hallway,
          infiniplex_staircase_pool

Skill      XL: |  1  2  3  4  5  6  7  8  9 10 11 12 13 14 15 |
---------------+----------------------------------------------+-----
Fighting       | 3 4 5 6 7 8 9 10 11 12 | 12.5
Unarmed Combat | 3 4 6 7 8 10 11 13 14 16 17 18 | 18.2
Stealth        | 1 3 4 |  4.5
Spellcasting   | 1 2 4 |  4.8
Evocations     | 2 4 5 |  5.0
Hexes          | 3 |  3.4
Slings         | 3 5 7 |  7.1
Shields        | 4 6 7 |  7.7
Armour         | |  2.4

Action                   |  1- 3 |  4- 6 |  7- 9 | 10-12 | 13-15 || total
-------------------------+-------+-------+-------+-------+-------++-------
Melee: Unarmed           |   106 |   153 |   360 |   701 |  1174 ||  2494
       Bite              |    33 |    44 |   102 |   246 |   459 ||   884
 Fire: Hunting sling     |       |     1 |       |    11 |    45 ||    57
Throw: Javelin           |       |       |     9 |       |       ||     9
       Stone             |       |       |     1 |       |       ||     1
       Dart              |       |       |     6 |    11 |       ||    17
Invok: Lunge             |       |       |     3 |    33 |    75 ||   111
       Whirlwind         |       |       |       |   121 |   176 ||   297
       Serpent's Lash    |       |       |       |     1 |     1 ||     2
Evoke: Wand              |       |       |     2 |     1 |     7 ||    10
  Use: Scroll            |       |     6 |     4 |     7 |     9 ||    26
       Potion            |       |       |     5 |       |     2 ||     7
 Stab: Sleeping          |       |       |       |     4 |       ||     4
  Eat: Chunk             |       |     6 |    11 |    20 |    26 ||    63
       Ration            |       |       |       |     1 |     1 ||     2
Armor: Scale mail        |     3 |       |       |       |       ||     3
       Chain mail        |    43 |    64 |   138 |   239 |   206 ||   690
       Skin              |       |       |    36 |       |       ||    36
       Troll leather arm |       |       |       |   134 |       ||   134
       Plate armour      |       |       |       |       |   295 ||   295
Dodge: Dodged            |    18 |    25 |    52 |   143 |   167 ||   405
Block: Kite shield       |    42 |    69 |   137 |   280 |   453 ||   981

Table legend:
 A = Non-vault XP
 B = Vault XP
 C = Vault XP percentage of total XP
 D = Non-vault monster count
 E = Vault monster count
 F = Vault count percentage of total count
                 A         B        C        D         E       F
            +---------+---------+-------+---------+---------+-------
      Total |   59063 |   54119 |  47.8 |     477 |     181 |  27.5
            +---------+---------+-------+---------+---------+-------
        D:1 |      47 |       0 |   0.0 |      23 |       0 |   0.0
        D:2 |      77 |       0 |   0.0 |      28 |       0 |   0.0
        D:3 |      79 |       0 |   0.0 |      16 |       0 |   0.0
        D:4 |     336 |     254 |  43.1 |      15 |       1 |   6.2
        D:5 |     759 |     629 |  45.3 |      23 |       1 |   4.2
        D:6 |    1317 |     154 |  10.5 |      44 |       1 |   2.2
        D:7 |     967 |       0 |   0.0 |      24 |       0 |   0.0
        D:8 |    2729 |     912 |  25.0 |      28 |       1 |   3.4
        D:9 |    2829 |    1693 |  37.4 |      34 |       6 |  15.0
       D:10 |    4899 |       0 |   0.0 |      34 |       0 |   0.0
       D:11 |    4074 |    1339 |  24.7 |      40 |       2 |   4.8
       D:12 |    4578 |       0 |   0.0 |      22 |       0 |   0.0
       D:13 |    4621 |    6011 |  56.5 |      28 |      29 |  50.9
       D:14 |    4787 |    3013 |  38.6 |      13 |      14 |  51.9
       D:15 |     532 |       0 |   0.0 |       3 |       0 |   0.0
     Lair:1 |    4724 |    2613 |  35.6 |      23 |       6 |  20.7
     Lair:2 |    1911 |       0 |   0.0 |       8 |       0 |   0.0
     Lair:3 |    6113 |    4601 |  42.9 |      23 |       9 |  28.1
     Lair:4 |    4050 |       0 |   0.0 |      18 |       0 |   0.0
     Lair:5 |    4465 |    6566 |  59.5 |      12 |      22 |  64.7
     Lair:6 |    5169 |   10502 |  67.0 |      18 |      27 |  60.0
      IceCv |       0 |   10478 | 100.0 |       0 |      41 | 100.0
    Volcano |       0 |    5354 | 100.0 |       0 |      21 | 100.0
            +---------+---------+-------+---------+---------+-------
